AoeStats
← konron4880

African Clearing

510979325Analyzed
2v2 RM · 14h ago on Oct 3, 2026· 35m 3s· 4 players
Game mode
Random Map
Map size
Medium (4 player)
Population
200
Speed
Normal
Resources
Standard
Victory
Conquest
Starting age
Dark Age
Ending age
Imperial Age
RankedLock teamsTeams togetherTeam positionsShared explorationLock speedFull tech treeHidden civsTurbo modeCheats
Victory
Defeat
🇷🇺 Persians · Russia
1148
+16
🇬🇧 Tatars · United Kingdom
1115
+18
🇦🇺 Koreans · Australia
1195
-19
🇨🇭 Persians · Switzerland
1110
-15
konron4880
10:21 Loom
12:55 Feudal Age
13:40 Town Watch
13:45 Double-Bit Axe
14:21 Gold Mining
14:04 Man-at-Arms
21:17 Castle Age
19:14 Horse Collar
20:41 Fletching
21:29 Padded Archer Armor
23:48 Bloodlines
24:08 Bodkin Arrow
29:54 Bow Saw
32:14 Scale Barding Armor
jileh9
3:27 Loom
13:14 Feudal Age
14:33 Double-Bit Axe
15:56 Forging
21:23 Castle Age
20:02 Scale Barding Armor
20:45 Bloodlines
26:57 Husbandry
27:41 Horse Collar
30:32 Wheelbarrow
31:33 Town Watch
32:34 Chain Barding Armor
32:16 Gold Mining
33:57 Iron Casting
37:36 Imperial Age
35:09 Fletching
34:43 Pikeman
Blue_Fox
4:32 Loom
14:07 Feudal Age
21:50 Castle Age
33:21 Fletching
democracy manifest
9:59 Loom
12:07 Feudal Age
13:06 Double-Bit Axe
18:18 Castle Age
17:00 Horse Collar
17:55 Fletching
29:30 Bodkin Arrow
31:47 Crossbowman
33:28 Wheelbarrow
32:39 Town Watch
Connection lost

Rejoining the realm…

Still unreachable

The connection could not be restored.

Session expired

The server has moved on; the page needs a fresh start.